 Dungeon Crawl Stone Soup version 0.20-a0-754-g13ddd6e (webtiles) character file.

274 krabocopter the Covert (level 6, -9/42 HPs)
             Began as an Octopode Assassin on Feb 25, 2017.
             Mangled by an orc priest
             ... wielding a +0 whip of electrocution
              (15 damage)
             ... on level 3 of the Dungeon on Feb 26, 2017.
             The game lasted 00:14:55 (2921 turns).

krabocopter the Covert (Octopode Assassin)          Turns: 2921, Time: 00:14:56

Health: -9/42      AC:  1    Str: 14    XL:     6   Next: 24%
Magic:  6/6        EV: 13    Int: 13    God:
Gold:   111        SH:  0    Dex: 15    Spells: 5/5 levels left

rFire    . . .     SeeInvis .   a - +2 dagger
rCold    . . .     Gourm    .   (no shield)
rNeg     . . .     Faith    .   (helmet restricted)
rPois    .         Spirit   .   p - amulet of rage
rElec    .         Reflect  .   h - +3 ring of strength
rCorr    .         Harm     .   (no ring)
MR       .....                  (no ring)
Stlth    +++++.....             (no ring)
Regen    0.2/turn               (no ring)
MPRegen  0.1/turn               (no ring)
                                (no ring)
                                (no ring)

@: no status effects
A: almost no armour, stealthy swim, amphibious, 8 rings, constrict 8, camouflage
1, gelatinous body 1
a: Evoke Berserk Rage


You were on level 3 of the Dungeon.
You were not hungry.

You visited 1 branch of the dungeon, and saw 4 of its levels.

You collected 111 gold pieces.

Inventory:

Hand Weapons
 a - a +2 dagger (weapon)
 b - a +0 blowgun
Missiles
 c - 17 poisoned needles
 d - 2 curare-tipped needles
Jewellery
 h - a +3 ring of strength (left tentacle)
 p - an amulet of rage (around mantle)
Wands
 v - a wand of polymorph (13/24)
Scrolls
 e - 2 scrolls of enchant armour {unknown}
 g - 3 scrolls of blinking {unknown}
 i - a scroll of magic mapping {unknown}
 o - a scroll of teleportation {unknown}
 q - a scroll of remove curse {unknown}
 r - 3 scrolls of identify {unknown}
 t - a scroll of amnesia {unknown}
Potions
 j - 3 potions of brilliance
 k - a potion of might
 l - 2 potions of haste {unknown}
 n - a potion of magic
Comestibles
 f - 3 bread rations
 m - 5 chunks of flesh
 s - 2 meat rations
 u - a royal jelly


   Skills:
 - Level 3.2 Fighting
 + Level 3.3 Short Blades
 - Level 2.0 Throwing
 - Level 1.0 Dodging
 * Level 8.6 Stealth


You had 5 spell levels left.
You didn't know any spells.

Dungeon Overview and Level Annotations

Branches:
Dungeon (4/15)
 Temple: D:4-7

Altars:
Gozag
Nemelex Xobeh
Qazlal
Ru
Sif Muna
Trog
Xom
Yredelemnul

Annotations:
D:4 Pikel


Innate Abilities, Weirdness & Mutations

You cannot wear most types of armour.
You are very stealthy in the water. (Stealth+)
You are amphibious.
You can wear up to eight rings at the same time.
You can use your tentacles to constrict eight enemies at once.
Your skin changes colour to match your surroundings (Stealth+).
Your rubbery body absorbs attacks. (AC +1, EV +1)


Message History

You take 2 damage, and have 33/42 hp.
You closely miss the orc.
The orc priest shouts!
Your grab misses the orc.
You hear a shout!
The orc hits you with a trident.
You take 5 damage, and have 28/42 hp.
You hit the orc. You grab the orc. You squeeze the orc.
You kill the orc!
The orc priest hits you with a whip of electrocution!
You take 7 damage, and have 21/42 hp.
You hit the orc priest but do no damage.
Your grab misses the orc priest.
The orc priest calls down the wrath of Beogh upon you.
Beogh smites you!
* * * LOW HITPOINT WARNING * * *
The orc priest hits you with a whip of electrocution.
* * * LOW HITPOINT WARNING * * *
You are electrocuted!
You die...

. #.##.#..#.##.#...)....# #.##. .
#............#...####.# #.##. .##
####)#..#.##.#...# #.# #.##. ...
.............#...####.# #)##. ..#
####.#...#..........#.###.##.
o.####.......#...................
.........#.o.o..>............)...
#.# ##.#####.#.#).....(...###.#..
#.# #.###<#.#.o@.....#)### #.#..
#.# #.....#.###......#.#####.#..
#.##########.....................
#.......).............#.##....#.#
#.########...#........#.......#.#
### ####...#.##.....#.......#.#
#.>....'........#.......#.#
#.##...#.#......#.....(.#..
####'######.#.##+#.#.##....###


You could see 2 orc priests.

Vanquished Creatures
  The ghost of Yehuk the Firebug, a weakling DEFE (D:3)
  An orc wizard (D:3)
  Natasha (thrice) (D:3)
  5 adders
  A worm (D:3)
  A dart slug (D:1)
  3 leopard geckos
  8 orcs
  10 bats
  5 giant cockroaches
  7 hobgoblins
  9 jackals
  4 quokkas
  A ball python (D:1)
  6 frilled lizards
  6 goblins
  6 kobolds
  4 rats
81 creatures vanquished.

Notes
Turn   | Place    | Note
-------+----------+-------------------------------------------
     0 | D:1      | krabocopter the Octopode Assassin began the quest for the Orb.
     0 | D:1      | Reached XP level 1. HP: 14/14 MP: 1/1
   254 | D:1      | Reached XP level 2. HP: 19/19 MP: 2/2
   368 | D:1      | Reached skill level 6 in Stealth
   609 | D:2      | Reached XP level 3. HP: 23/25 MP: 3/3
   740 | D:2      | Found a sacrificial altar of Ru.
   839 | D:2      | Found a deep blue altar of Sif Muna.
  1062 | D:2      | Reached XP level 4. HP: 21/30 MP: 4/4
  1230 | D:2      | Found an opulent altar of Gozag.
  1232 | D:2      | Found a shimmering altar of Xom.
  1232 | D:2      | Found a basalt altar of Yredelemnul.
  1233 | D:2      | Found a sparkling altar of Nemelex Xobeh.
  1265 | D:2      | Found a bloodstained altar of Trog.
  1266 | D:2      | Found a stormy altar of Qazlal.
  1590 | D:3      | Noticed Natasha
  1755 | D:3      | Killed Natasha
  1755 | D:3      | Reached skill level 7 in Stealth
  1891 | D:3      | Noticed Yehuk's ghost (weakling DEFE)
  2053 | D:3      | Noticed Natasha
  2089 | D:3      | Reached XP level 5. HP: 36/36 MP: 5/5
  2277 | D:3      | Killed Natasha
  2286 | D:3      | Noticed Natasha
  2320 | D:3      | Killed Natasha
  2320 | D:3      | Reached skill level 8 in Stealth
  2333 | D:3      | HP: 1/36 [Yehuk's ghost (1)]
  2345 | D:3      | Killed Yehuk's ghost
  2345 | D:3      | Reached XP level 6. HP: 14/42 MP: 6/6
  2880 | D:4      | Noticed a slave
  2880 | D:4      | Noticed a slave
  2880 | D:4      | Noticed a slave
  2881 | D:4      | Noticed Pikel
  2881 | D:4      | Noticed a slave
  2921 | D:3      | Mangled by an orc priest

Vault maps used:
D:1:      dpeg_arrival_tiny_k
D:2:      lemuel_crystal_altar, grunt_temple_overflow_open
D:3:      first_bread, minmay_misc_feat_cross, uniq_natasha
D:4:      uniq_pikel

Skill      XL: |  1  2  3  4  5 |
---------------+----------------+-----
Stealth        | 6 7 8 |  8.6
Fighting       | 3 |  3.2
Short Blades   | 3 |  3.3
Throwing       | |  2.0
Dodging        | |  1.0

Action                   |  1- 3 |  4- 6 || total
-------------------------+-------+-------++-------
Melee: Dagger            |    52 |   119 ||   171
       Tentacles         |     7 |    25 ||    32
       Constrict         |     7 |    25 ||    32
  Use: Potion            |       |     5 ||     5
 Stab: Sleeping          |    13 |     3 ||    16
       Distracted        |     1 |       ||     1
  Eat: Chunk             |       |     6 ||     6
Armor: Skin              |     2 |    40 ||    42
Dodge: Dodged            |    16 |    74 ||    90
